[Event "*** SCC Grand Prix: Titled Tuesday Blitz"]
[Site "Chess.com"]
[Date "2020.07.07"]
[Round "5"]
[White "vladislavkovalev"]
[Black "fighter2jz"]
[Result "1-0"]
[WhiteElo "2942"]
[BlackElo "2809"]
[TimeControl "180+1"]
[EndTime "10:54:53 PDT"]
[Termination "vladislavkovalev won by resignation"]

1. e4 c5 2. Be2 Nc6 3. d3 g6 4. f4 Bg7 5. Nf3 d6 6. O-O Nf6 7. c3 O-O 8. Kh1 Rb8 9. Be3 b5 10. a3 a5 11. Nbd2 b4 12. axb4 axb4 13. d4 bxc3 14.
bxc3 cxd4 15. cxd4 Bg4 16. d5 Nb4 17. Nd4 Bxe2 18. Qxe2 Nd7 19. Ra7 Nc5 20. Nc6 Nxc6 21. dxc6 Qb6 22. Rxe7 Qxc6 23. Qc4 Rb2 24. f5 Qb5 25. fxg6 Qxc4 26. Nxc4 fxg6 27. Rxg7+ Kxg7 28. Bd4+ Kh6 29. Rxf8 Rb1+ 30. Bg1 Nxe4 31. Ne3 Kg7 32. Rf1 Rb3 33. Rd1 Kf7 34. Rd4 Nc3 35. Rd3 Ke6 36.
Nd1 1-0

[Event "*** SCC Grand Prix: Titled Tuesday Blitz"]
[Site "Chess.com"]
[Date "2020.07.07"]
[Round "5"]
[White "tigra"]
[Black "Sammed_Shete"]
[Result "1-0"]
[WhiteElo "2793"]
[BlackElo "2601"]
[TimeControl "180+1"]
[EndTime "10:54:54 PDT"]
[Termination "tigra won by resignation"]

1. e4 c5 2. Nf3 Nc6 3. d4 cxd4 4. Nxd4 Nf6 5. Nc3 d6 6. Bg5 e6 7. Qd2 a6 8. O-O-O Be7 9. f4 Bd7 10. Kb1 b5 11. Nxc6 Bxc6 12. Qe1 b4 13. e5 bxc3 14. Qxc3 Rc8 15. exf6 gxf6 16. Bxa6 Rc7 17. Bd3 h5 18. Rhe1 Bxg2 19. Bb5+ Kf8 20. Qg3 Qa8 21. Bh4 Be4 22.
Bd3 Bxd3 23. Qxd3 d5 24. f5 Ra7 25. a3 Ra4 26. Bg3 Kg7 27. fxe6 Bxa3 28. bxa3 Rxa3 29. Qd4 Rc8 30. Rg1 Qb7+ 31. Qb2 Qa6 32. Bd6+ Kh7 33. Bxa3 1-0

[Event "*** SCC Grand Prix: Titled Tuesday Blitz"]
[Site "Chess.com"]
[Date "2020.07.07"]
[Round "5"]
[White "KyrgyzFighter"]
[Black "ApoIogiA"]
[Result "1-0"]
[WhiteElo "2319"]
[BlackElo "2121"]
[TimeControl "180+1"]
[EndTime "10:54:54 PDT"]
[Termination "KyrgyzFighter won by resignation"]

1. c4 Nf6 2. Nc3 g6 3. e4 d6 4. d4 Bg7 5. f3 O-O 6. Be3 e5 7. d5 Nh5 8. Qd2 Qh4+ 9. Bf2 Qe7 10. O-O-O f5 11. exf5 gxf5 12. Bd3 a6 13. Nge2 Nd7 14. g4 fxg4 15. fxg4 Rxf2 16. gxh5 Nc5 17. Bc2 Qf6 18.
Rhg1 Kh8 19. Kb1 Bd7 20. b4 e4 21. Rxg7 Kxg7 22. bxc5 b5 23. Nxe4 Rxe2 24. Qxe2 Qe5 25.
Qg2+ Kh8 26. Qg5 Re8 27. Rg1 Qxg5 28. Nxg5 Rf8 29. cxd6 h6 30. Ne6 Bxe6 31. dxe6 cxd6 32. cxb5 Rb8 33. a4 axb5 34. a5 Ra8 35. Bg6 Ra7 36.
a6 Re7 37. Re1 1-0

[Event "*** SCC Grand Prix: Titled Tuesday Blitz"]
[Site "Chess.com"]
[Date "2020.07.07"]
[Round "5"]
[White "Zhani-Z"]
[Black "volkanyirik"]
[Result "0-1"]
[WhiteElo "2430"]
[BlackElo "2262"]
[TimeControl "180+1"]
[EndTime "10:54:55 PDT"]
[Termination "volkanyirik won on time"]

1. e4 g6 2. d4 Bg7 3. Nc3 c5 4. dxc5 Nc6 5. Bb5 Nf6 6. Nge2 O-O 7. O-O a6 8. Bxc6 bxc6 9. f3 Qa5 10. Be3 Rd8 11. a3 d6 12. b4 Qc7 13. Qe1 dxc5 14. Bxc5 Be6 15. Qg3 Qb7 16. Rad1 Nh5 17. Qf2 Bc4 18.
Rfe1 e6 19. Bb6 Rxd1 20. Rxd1 Nf6 21. Bd4 Re8 22. Qe3 e5 23. Bc5 Nd7 24. Bd6 Rf8 25.
Bxf8 Nxf8 26. Qc5 Be6 27. Rd8 Qc7 28. Qd6 Qb6+ 29. Kf1 Qe3 30. Qd2 Qb6 31. h3 Bh6 32. Qd6 Qe3 33. a4 Bc4 34. Qd1 Qxc3 0-1

[Event "*** SCC Grand Prix: Titled Tuesday Blitz"]
[Site "Chess.com"]
[Date "2020.07.07"]
[Round "5"]
[White "Gerodot71"]
[Black "26andrej26"]
[Result "1-0"]
[WhiteElo "2390"]
[BlackElo "2506"]
[TimeControl "180+1"]
[EndTime "10:54:56 PDT"]
[Termination "Gerodot71 won on time"]

1. d4 Nf6 2. c4 g6 3. Nc3 Bg7 4. e4 d6 5. Be2 O-O 6. Be3 e5 7. d5 Na6 8. g4 Nc5 9. f3 a5 10. h4 c6 11. h5 a4 12. Nh3 Qa5 13. Qd2 cxd5 14. cxd5 Bd7 15. Nf2 Rfc8 16. Nd3 Nxd3+ 17. Bxd3 a3 18. Nd1 Qxd2+ 19. Kxd2 axb2 20. Nxb2 b5 21. h6 Bf8 22. Rhb1 Ne8 23. Nd1 Be7 24. Nc3 Nc7 25.
Nxb5 Nxb5 26. Bxb5 Bxb5 27. Rxb5 Bd8 28. a4 Ba5+ 29.
Ke2 Rc1 30. Bxc1 1-0

[Event "*** SCC Grand Prix: Titled Tuesday Blitz"]
[Site "Chess.com"]
[Date "2020.07.07"]
[Round "5"]
[White "GigaQuparadze"]
[Black "anesar92"]
[Result "1-0"]
[WhiteElo "2890"]
[BlackElo "2729"]
[TimeControl "180+1"]
[EndTime "10:54:57 PDT"]
[Termination "GigaQuparadze won by resignation"]

1. e4 c5 2. Ne2 Nc6 3. Nbc3 g6 4. d4 cxd4 5. Nxd4 Bg7 6. Be3 Nf6 7. Bc4 O-O 8. Bb3 a5 9. a4 Ng4 10. Qxg4 Nxd4 11. Qd1 Nxb3 12. cxb3 d6 13. Bd4 Be6 14. Bxg7 Kxg7 15. Qd4+ Kg8 16. b4 Rc8 17. bxa5 Qxa5 18. O-O Rc4 19. Qe3 Rfc8 20. h4 Qc5 21. Qxc5 R8xc5 22. a5 Rb4 23. Rfd1 Kg7 24. g3 h5 25. Rd2 g5 26. hxg5 Rxg5 27. Kh2 Kh6 28. f4 Rc5 29. Kg2 Bg4 30. Kf2 Kg7 31. Ke3 Rcc4 32. Ra3 Rc5 33. Nd5 Rbb5 34. Nxe7 Rxa5 35. Rxa5 Rxa5 36. Rxd6 Rb5 37. f5 f6 38. Nd5 Rb3+ 39. Kd4 Rxg3 40. Nxf6 Bf3 41. Ke5 h4 42. Rd7+ Kh6 43. Kf4 1-0

[Event "*** SCC Grand Prix: Titled Tuesday Blitz"]
[Site "Chess.com"]
[Date "2020.07.07"]
[Round "5"]
[White "Region_07"]
[Black "AttilaTurzo"]
[Result "0-1"]
[WhiteElo "2357"]
[BlackElo "2509"]
[TimeControl "180+1"]
[EndTime "10:54:57 PDT"]
[Termination "AttilaTurzo won by resignation"]

1. d4 Nf6 2. Bg5 Ne4 3. h4 c5 4. dxc5 Qa5+ 5. Nd2 Nc6 6. c3 Nxd2 7. Qxd2 Qxc5 8. e4 d6 9. Nf3 h6 10. Be3 Qa5 11.
Nd4 e6 12. Be2 a6 13. g4 Be7 14. O-O-O Qxa2 15. g5 h5 16. g6 fxg6 17. Rhg1 Bxh4 18.
Rxg6 Bf6 19. Rdg1 Bd7 20. f4 O-O-O 21. Qc2 Qa1+ 22. Kd2 Qa5 23. b4 Qc7 24. Nb3 Kb8 25.
Kc1 Rc8 26. Kb1 Nxb4 27. Qd2 Qxc3 28. Qxc3 Rxc3 29. Nd4 Rxe3 30. Bc4 Bxd4 0-1

[Event "*** SCC Grand Prix: Titled Tuesday Blitz"]
[Site "Chess.com"]
[Date "2020.07.07"]
[Round "5"]
[White "AldokhinIvan"]
[Black "Artur0208"]
[Result "0-1"]
[WhiteElo "2520"]
[BlackElo "2777"]
[TimeControl "180+1"]
[EndTime "10:54:59 PDT"]
[Termination "Artur0208 won on time"]

1. e4 e5 2. Nf3 Nc6 3. Bb5 a6 4. Ba4 Nge7 5. d4 exd4 6. Nxd4 g6 7. Nc3 Bg7 8. Be3 O-O 9. O-O d6 10. Bxc6 bxc6 11. Qd2 c5 12. Nde2 Bb7 13. Bh6 Nc6 14. Bxg7 Kxg7 15. Nd5 Ne5 16. f4 Nd7 17. f5 Bxd5 18.
exd5 Rb8 19. Ng3 Qh4 20. Rf4 Qg5 21. Raf1 f6 22. Ne4 Qh6 23. Qf2 g5 24. Rg4 Ne5 25.
Rg3 Rxb2 26. Ra3 Qh4 27. Qxh4 gxh4 28. Rxa6 Rxc2 29. Ra7 Rf7 30. Rb1 Nd3 31. g4 h3 32.
a4 Rg2+ 33. Kh1 Re7 34. g5 Rxe4 35. Rxc7+ Kf8 36. Rb8+ Re8 0-1

[Event "*** SCC Grand Prix: Titled Tuesday Blitz"]
[Site "Chess.com"]
[Date "2020.07.07"]
[Round "5"]
[White "Korona_91"]
[Black "allvim"]
[Result "1-0"]
[WhiteElo "2466"]
[BlackElo "2271"]
[TimeControl "180+1"]
[EndTime "10:54:59 PDT"]
[Termination "Korona_91 won on time"]

1. e4 c5 2. Nf3 d6 3. Bb5+ Bd7 4. c4 a6 5. Bxd7+ Qxd7 6. Nc3 e6 7. d4 cxd4 8. Nxd4 Nc6 9. b3 Nf6 10. Bb2 Be7 11. O-O O-O 12. Nc2 Rac8 13. Qe2 Qc7 14. Rad1 Rfd8 15. Ne3 Nd7 16. f4 Bf6 17. f5 Nd4 18. Qf2 Qb6 19. Ng4 Be5 20. Kh1 Nf6 21.
Nxf6+ Bxf6 22. Na4 Qc7 23. Bxd4 Bxd4 24. Qxd4 b5 25. Nb2 bxc4 26. Nxc4 d5 27. exd5 Rxd5 28.
Qg4 Re8 29. fxe6 fxe6 30. Rde1 e5 31. Ne3 Rd4 32. Qg3 Qc3 33. Qf2 Rf4 34. Qe2 Ref8 35. Rxf4 Rxf4 36. Nd5 1-0

[Event "*** SCC Grand Prix: Titled Tuesday Blitz"]
[Site "Chess.com"]
[Date "2020.07.07"]
[Round "5"]
[White "fmshawnrl123"]
[Black "GadimbayliA"]
[Result "0-1"]
[WhiteElo "2644"]
[BlackElo "2895"]
[TimeControl "180+1"]
[EndTime "10:55:00 PDT"]
[Termination "GadimbayliA won by checkmate"]

1. c4 e5 2. g3 Nf6 3. Bg2 d5 4. cxd5 Nxd5 5. Nc3 Nb6 6. Nf3 Nc6 7. O-O Be7 8. a3 O-O 9. b4 Be6 10. d3 a5 11. b5 Nd4 12. Nd2 c6 13. bxc6 Nxc6 14. Rb1 a4 15. Nde4 Bb3 16. Qe1 Nd4 17. e3 Nc2 18. Qe2 Nxa3 19. Ra1 Nc2 20. Rb1 Nb4 21. d4 Bc4 22. Qh5 Bxf1 23. Bxf1 a3 24.
Qxe5 a2 25. Ra1 Na4 26. Nxa2 Nb6 27. Nec3 Nxa2 28. Rxa2 Rxa2 29. Nxa2 Qd7 30. Bb5 Qd6 31. Qe4 Ra8 32. Nc3 Ra1 33. Ne2 Qb4 34. Bd3 g6 35.
Qxb7 Qd6 36. Kg2 Nd5 37. e4 Nb4 38. Bf4 Qd8 39. Bc4 Qf8 40. d5 Nc2 41. d6 Ne1+ 42. Kh3 Bxd6 43. Bxd6 Qh6+ 44. Kg4 Qh5+ 45. Kf4 Ng2# 0-1

[Event "*** SCC Grand Prix: Titled Tuesday Blitz"]
[Site "Chess.com"]
[Date "2020.07.07"]
[Round "5"]
[White "GMaka"]
[Black "talman67"]
[Result "0-1"]
[WhiteElo "2326"]
[BlackElo "2491"]
[TimeControl "180+1"]
[EndTime "10:55:01 PDT"]
[Termination "talman67 won by resignation"]

1. Nf3 Nf6 2. c4 e6 3. Nc3 d5 4. e3 c5 5. cxd5 Nxd5 6. Nxd5 Qxd5 7. Qc2 Be7 8. Be2 Nc6 9. a3 e5 10. d3 O-O 11. O-O b6 12. Bd2 Bb7 13. Bc3 Rac8 14.
Qb1 f5 15. b4 e4 16. Nd2 exd3 17. Bxd3 Ne5 18. e4 Qxd3 19. Bxe5 Qxd2 20. Rd1 Qg5 21. f4 Qg6 22. Rd7 Bxe4 23. Qa2+ c4 24. Rxe7 Rf7 25. Rxf7 Qxf7 26. Rd1 c3 27. Qxf7+ Kxf7 28. Rc1 c2 29. Kf2 Ke6 30. g3 g5 31. Ke3 g4 32. Kd2 Kd5 33. Ke3 Rc6 34. Kd2 Rh6 35. Kc3 Rxh2 36. Kb2 Rg2 0-1

[Event "*** SCC Grand Prix: Titled Tuesday Blitz"]
[Site "Chess.com"]
[Date "2020.07.07"]
[Round "5"]
[White "bmt011"]
[Black "PattyCastillo"]
[Result "1-0"]
[WhiteElo "2118"]
[BlackElo "1939"]
[TimeControl "180+1"]
[EndTime "10:55:01 PDT"]
[Termination "bmt011 won on time"]

1. d4 d5 2. Bf4 Nf6 3. e3 c5 4. c3 Nc6 5. Nd2 e6 6. Ngf3 Bd6 7. Ne5 O-O 8. Bb5 Bd7 9. Nxf7 Rxf7 10. Bxd6 cxd4 11.
exd4 Nxd4 12. Bxd7 Qxd7 13. cxd4 Qxd6 14. O-O Qf4 15.
Nf3 Ne4 16. Qc1 Qg4 17. h3 Qg6 18. Ne5 Qf5 19. Nxf7 Qxf7 20. Qe3 Re8 21. Rfe1 Qf6 22. f3 Ng5 23. Rac1 Qg6 24. Rc2 Nxh3+ 25. Kh2 Ng5 26. Rc7 1-0

[Event "*** SCC Grand Prix: Titled Tuesday Blitz"]
[Site "Chess.com"]
[Date "2020.07.07"]
[Round "5"]
[White "wild_cat99"]
[Black "amatatanav"]
[Result "1-0"]
[WhiteElo "2597"]
[BlackElo "2423"]
[TimeControl "180+1"]
[EndTime "10:55:02 PDT"]
[Termination "wild_cat99 won on time"]

1. Nf3 Nf6 2. c4 e6 3. e3 d5 4. b3 c5 5. Bb2 Nc6 6. cxd5 exd5 7. Be2 d4 8. Bb5 dxe3 9. fxe3 Bd6 10. O-O O-O 11.
Bxc6 bxc6 12. Qc2 Re8 13. Ng5 Bxh2+ 14. Kh1 Be5 15. Bxe5 Rxe5 16. Rxf6 Qxf6 17. Qxh7+ Kf8 18. Nf3 Rh5+ 19. Qxh5 Qxa1 20. Qxc5+ Kg8 21. Qxc6 Qxb1+ 22. Kh2 Rb8 23. Qe8+ Kh7 24. Ng5+ Kg6 25. Nxf7 Kf6 26. Nd6 Qg6 27. Ne4+ Kf5 28. Ng3+ Kf6 29. Qc6+ Be6 30. Ne4+ Kf5 31. Qc5+ 1-0

[Event "*** SCC Grand Prix: Titled Tuesday Blitz"]
[Site "Chess.com"]
[Date "2020.07.07"]
[Round "5"]
[White "sotochess"]
[Black "PauloCesarCosta_sad"]
[Result "1-0"]
[WhiteElo "2438"]
[BlackElo "2213"]
[TimeControl "180+1"]
[EndTime "10:55:02 PDT"]
[Termination "sotochess won on time"]

1. e4 e6 2. Qe2 c5 3. Nf3 Nc6 4.
g3 g6 5. Bg2 Bg7 6. O-O d6 7.
c3 Nge7 8. Rd1 O-O 9. d4 Qc7 10. Be3 b6 11. Na3 a6 12. Nc4 Bb7 13. a4 b5 14. axb5 axb5 15. Na3 b4 16. Nb5 Qb6 17. Rxa8 Bxa8 18. Nxd6 bxc3 19. bxc3 cxd4 20. cxd4 Nb4 21. Nc4 Qa6 22. Nfe5 Bxe5 23. dxe5 Nbc6 24. Bc5 Re8 25.
Bd6 Na5 26. Rc1 Bc6 27. Qa2 Nxc4 28. Qxa6 Bb5 29. Qa7 1-0

[Event "*** SCC Grand Prix: Titled Tuesday Blitz"]
[Site "Chess.com"]
[Date "2020.07.07"]
[Round "5"]
[White "RoelandPruijssers"]
[Black "IsaacWiebe"]
[Result "1-0"]
[WhiteElo "2609"]
[BlackElo "2091"]
[TimeControl "180+1"]
[EndTime "10:55:03 PDT"]
[Termination "RoelandPruijssers won by resignation"]

1. e4 e6 2. d4 d5 3. Nd2 c5 4. exd5 Qxd5 5. Ngf3 cxd4 6. Bc4 Qd6 7.
O-O Nf6 8. Nb3 Nc6 9. Nbxd4 Nxd4 10. Nxd4 a6 11. Bd3 Qc7 12. Qf3 Bd6 13. h3 O-O 14.
Bg5 Be5 15. c3 Nd5 16. Rfe1 Bf4 17. Qh5 g6 18. Qh6 Bxg5 19. Qxg5 Qf4 20. Qxf4 Nxf4 21. Be4 e5 22. Nf3 f6 23. Rad1 Rb8 24. Rd6 Kg7 25.
Red1 Rf7 26. h4 Bf5 27. Bxf5 gxf5 28. g3 Rc7 29. gxf4 1-0

[Event "*** SCC Grand Prix: Titled Tuesday Blitz"]
[Site "Chess.com"]
[Date "2020.07.07"]
[Round "5"]
[White "plumalka"]
[Black "vinniethepooh"]
[Result "0-1"]
[WhiteElo "2398"]
[BlackElo "2551"]
[TimeControl "180+1"]
[EndTime "10:55:05 PDT"]
[Termination "vinniethepooh won by resignation"]

1. e4 c5 2. Nf3 d6 3. d4 cxd4 4. Nxd4 Nf6 5. Nc3 a6 6. Nb3 e6 7. g4 Nc6 8. g5 Nd7 9. h4 b5 10.
Bg2 Bb7 11. Be3 h6 12. Qe2 hxg5 13. hxg5 Rxh1+ 14. Bxh1 Ke7 15. f4 g6 16. O-O-O Bg7 17.
Nd4 Nxd4 18. Bxd4 Bxd4 19. Rxd4 Qb6 20. Rd1 Rh8 21. Qd3 Nc5 22. Qd4 Nb3+ 23. axb3 Qxd4 24. Rxd4 Rxh1+ 25. Rd1 Rxd1+ 26. Kxd1 b4 27. Ne2 Bxe4 28. Kd2 e5 29. c3 a5 30. Ke3 Bd5 31. c4 Bc6 32.
Nc1 f6 33. Nd3 Ke6 34. Nf2 fxg5 35. fxg5 Kf5 36. Nd3 Kxg5 37. c5 Kf5 38. cxd6 Ke6 39. d7 Bxd7 40. Nc5+ Kd6 41. Ne4+ Ke7 42. Nd2 Bb5 43.
Ke4 Ke6 44. Ke3 g5 45. Ne4 g4 46. Ng3 Bc6 47. Ne2 Kf5 48. Ng3+ Kg5 49. Kf2 Kf4 50. Nf1 Bd5 51. Ng3 Bxb3 52. Nh5+ Ke4 53. Ke2 a4 54. Nf6+ Kf5 55. Nh5 a3 56. bxa3 bxa3 0-1

[Event "*** SCC Grand Prix: Titled Tuesday Blitz"]
[Site "Chess.com"]
[Date "2020.07.07"]
[Round "5"]
[White "swisspower96"]
[Black "Antipov_Mikhail_Al"]
[Result "1-0"]
[WhiteElo "2630"]
[BlackElo "2814"]
[TimeControl "180+1"]
[EndTime "10:55:06 PDT"]
[Termination "swisspower96 won by resignation"]

1. d4 Nf6 2. c4 g6 3. Nc3 d5 4. cxd5 Nxd5 5. e4 Nxc3 6. bxc3 Bg7 7. Bc4 c5 8. Ne2 O-O 9. O-O Nc6 10. Be3 b6 11.
Rc1 Bb7 12. Bb5 cxd4 13. cxd4 Rc8 14. Qa4 Na5 15. d5 f5 16. Nf4 Qd6 17. Ne6 Rxc1 18. Rxc1 Rc8 19. Rxc8+ Bxc8 20. Nxg7 Kxg7 21. Qd4+ Kg8 22.
e5 Qd8 23. h4 Nb7 24. Bc4 Nc5 25. Bg5 Ne6 26. Qe3 Nxg5 27. Qxg5 Kg7 28. d6 Bd7 29. dxe7 Qc7 30. Qf6+ Kh6 31. Qf8+ Kh5 32. Be2+ Kxh4 1-0

[Event "*** SCC Grand Prix: Titled Tuesday Blitz"]
[Site "Chess.com"]
[Date "2020.07.07"]
[Round "5"]
[White "Aradej"]
[Black "ChessLover0108"]
[Result "1-0"]
[WhiteElo "2521"]
[BlackElo "2679"]
[TimeControl "180+1"]
[EndTime "10:55:06 PDT"]
[Termination "Aradej won by checkmate"]

1. d4 d5 2. Nf3 Nf6 3. e3 g6 4. Be2 Bg7 5. O-O O-O 6. b4 a5 7.
b5 b6 8. a4 Bb7 9. Nbd2 Nbd7 10. Ba3 Re8 11. c4 e5 12. c5 bxc5 13. dxc5 Nf8 14. c6 Bc8 15. Bb2 Qd6 16. Ba3 Qd8 17.
Bb2 d4 18. exd4 e4 19. Ne5 Be6 20. Bc4 Bxc4 21. Ndxc4 Ne6 22. Qd2 Nd5 23. Rfe1 f6 24. Nd7 f5 25. Rad1 Nef4 26. g3 Nd3 27. Rf1 f4 28. Nce5 N5b4 29. Qc3 Bxe5 30. dxe5 Qe7 31. Ba1 Qe6 32. Nf6+ Kg7 33. Nxe4 f3 34. Ng5 Qg4 35. e6+ Kh6 36. h4 Re7 37. Qf6 Rae8 38.
Nf7+ Kh5 39. Rxd3 Nxd3 40. Rd1 Qxe6 41. Qg5# 1-0

[Event "*** SCC Grand Prix: Titled Tuesday Blitz"]
[Site "Chess.com"]
[Date "2020.07.07"]
[Round "5"]
[White "Rodchenkov_Vitalij"]
[Black "Shuvalov"]
[Result "0-1"]
[WhiteElo "2369"]
[BlackElo "2519"]
[TimeControl "180+1"]
[EndTime "10:55:06 PDT"]
[Termination "Shuvalov won by resignation"]

1. d4 d5 2. Nf3 Nf6 3. c4 c6 4.
e3 Bf5 5. Nc3 e6 6. Nh4 Bg6 7.
Be2 Nbd7 8. cxd5 exd5 9. Qb3 Qb6 10. Qxb6 axb6 11. Nxg6 hxg6 12. Bd2 Bd6 13. h3 g5 14. g4 b5 15. Bf3 b4 16. Ne2 Nf8 17. Ng3 Bxg3 18.
fxg3 b3 19. a3 N8d7 20. Kf2 Nb6 21. Bb4 Nc4 22. Rab1 Kd7 23. h4 gxh4 24. gxh4 Rae8 25. g5 Ne4+ 26. Kg2 Nxe3+ 0-1

[Event "*** SCC Grand Prix: Titled Tuesday Blitz"]
[Site "Chess.com"]
[Date "2020.07.07"]
[Round "5"]
[White "Chessdemon2019"]
[Black "Synctel"]
[Result "1-0"]
[WhiteElo "2286"]
[BlackElo "1926"]
[TimeControl "180+1"]
[EndTime "10:55:06 PDT"]
[Termination "Chessdemon2019 won by resignation"]

1. e4 e6 2. d4 d5 3. Nc3 Nf6 4.
e5 Nfd7 5. f4 c5 6. Nf3 Nc6 7.
Be3 a6 8. Qd2 b5 9. a3 cxd4 10.
Nxd4 Nxd4 11. Bxd4 Bc5 12. Bxc5 Nxc5 13. Qd4 Qh4+ 14. g3 Qe7 15. Bg2 Bb7 16. O-O g6 17. b4 Nd7 18. a4 bxa4 19. Nxa4 Rc8 20. c3 O-O 21. Rf2 Rc4 22. Qd3 Rfc8 23. Bf1 Nb8 24. Nc5 R4xc5 25. bxc5 Qxc5 26. Rb1 Bc6 27. Qd4 Qa3 28.
Rfb2 Bb5 29. Bxb5 axb5 30. Rxb5 Nc6 31. Qd2 Qa7+ 32. Kh1 d4 33. cxd4 Nxd4 34. Rb7 Qc5 35. Rb8 Qd5+ 36. Qg2 Rxb8 37. Rxb8+ Kg7 38. Qxd5 exd5 39.
Rd8 1-0

[Event "*** SCC Grand Prix: Titled Tuesday Blitz"]
[Site "Chess.com"]
[Date "2020.07.07"]
[Round "5"]
[White "Elshan1985"]
[Black "viditchess"]
[Result "1/2-1/2"]
[WhiteElo "2841"]
[BlackElo "3019"]
[TimeControl "180+1"]
[EndTime "10:55:07 PDT"]
[Termination "Game drawn by agreement"]

1. e4 c5 2. Nf3 d6 3. Bb5+ Nd7 4.
c4 Nf6 5. Nc3 e6 6. O-O Be7 7. d4 cxd4 8. Nxd4 O-O 9. Bxd7 Bxd7 10. b3 a6 11. Bb2 Rc8 12. Qe2 Qa5 13. Rac1 Qh5 14. Qxh5 Nxh5 15. Nde2 b5 16. cxb5 axb5 17. Rfd1 Nf6 18. f3 b4 19. Nb1 Ra8 20. a4 bxa3 21.
Bxa3 Ra6 22. e5 Nd5 23. Bxd6 Bxd6 24. exd6 Rxd6 25. Nbc3 Nxc3 26. Nxc3 Rxd1+ 27. Rxd1 Bc6 28. Rd4 Rb8 29. Rc4 Bd7 30. b4 Kf8 31. Kf2 Ke7 32. Ke3 e5 33. b5 f5 34. g4 g6 35. gxf5 gxf5 36. Rh4 Kd6 37. Rxh7 Bxb5 38. Rh6+ Kc5 39. Re6 Re8 40. Rxe8 Bxe8 41. f4 Kd6 42. Ne2 Ke6 43. Ng3 1/2-1/2

[Event "*** SCC Grand Prix: Titled Tuesday Blitz"]
[Site "Chess.com"]
[Date "2020.07.07"]
[Round "5"]
[White "Kopytkin"]
[Black "Maili15"]
[Result "1-0"]
[WhiteElo "2464"]
[BlackElo "2252"]
[TimeControl "180+1"]
[EndTime "10:55:08 PDT"]
[Termination "Kopytkin won on time"]

1. e4 c5 2. d4 cxd4 3. c3 d3 4. Bxd3 g6 5. Be3 Bg7 6. Nd2 Nc6 7. f4 d6 8. Ngf3 Nf6 9. h3 O-O 10. O-O Qc7 11. Qe1 e5 12. Qh4 exf4 13. Bxf4 Nh5 14.
Be3 Ne5 15. Bc2 Bd7 16. Nd4 Qd8 17. Bg5 f6 18. Be3 f5 19. Bg5 Bf6 20. Bxf6 Qxf6 21.
Qxf6 Rxf6 22. exf5 Ng3 23. Rf2 gxf5 24. Ne4 Nxe4 25.
Bxe4 Kg7 26. Nxf5+ Bxf5 27. Rxf5 Rxf5 28. Bxf5 Rf8 29. g4 d5 30. Rd1 Rd8 31. Kf2 Nc4 32. b3 Nb6 33. c4 Kf6 34. c5 Na8 35. Ke3 Nc7 36. a4 Ke5 37. Kd3 Na6 38. Re1+ Kf4 39. Kd4 1-0

[Event "*** SCC Grand Prix: Titled Tuesday Blitz"]
[Site "Chess.com"]
[Date "2020.07.07"]
[Round "5"]
[White "Juanovic"]
[Black "Nemsko"]
[Result "1-0"]
[WhiteElo "2084"]
[BlackElo "2286"]
[TimeControl "180+1"]
[EndTime "10:55:08 PDT"]
[Termination "Juanovic won by checkmate"]

1. e4 e5 2. Nf3 Nc6 3. Bb5 a6 4.
Ba4 Nf6 5. O-O Be7 6. d3 b5 7.
Bb3 O-O 8. c3 d6 9. h3 Be6 10.
Bxe6 fxe6 11. a4 Rb8 12. axb5 axb5 13. Qb3 Qd7 14. Bg5 Ra8 15. Rxa8 Rxa8 16. Bxf6 Bxf6 17. Qxb5 Rb8 18. Qa4 Rxb2 19. Nbd2 Nb8 20. Qa3 Qb5 21. Nc4 Rb3 22. Qa1 h6 23. Nfd2 d5 24. Nxb3 dxc4 25. dxc4 Qxb3 26. Rb1 Qxc4 27. Rxb8+ Kh7 28.
Qb2 Qxe4 29. Qb1 Qf5 30. g4 Qxb1+ 31. Rxb1 e4 32. c4 Bd4 33. Kf1 e3 34. fxe3 Bxe3 35. Ke2 Bd4 36. Kf3 e5 37. Ke4 c5 38. h4 Kg6 39.
Rb6+ Kf7 40. Kf5 Bc3 41. Rb7+ Kf8 42. Rc7 Bd4 43. g5 hxg5 44. hxg5 Kg8 45. g6 Kf8 46. Ke6 Ke8 47. Rc8# 1-0

[Event "*** SCC Grand Prix: Titled Tuesday Blitz"]
[Site "Chess.com"]
[Date "2020.07.07"]
[Round "5"]
[White "GAusal"]
[Black "nocnypako"]
[Result "0-1"]
[WhiteElo "2076"]
[BlackElo "2587"]
[TimeControl "180+1"]
[EndTime "10:55:09 PDT"]
[Termination "nocnypako won by resignation"]

1. d4 Nf6 2. Nf3 g6 3. c4 Bg7 4. Nc3 d5 5. Bg5 Ne4 6. Bh4 Nxc3 7. bxc3 dxc4 8. e4 b5 9. a4 c6 10. Be2 O-O 11. Qb1 a6 12. O-O Nd7 13. Rd1 Nb6 14.
axb5 cxb5 15. Qb4 Re8 16. Bg3 Bb7 17. d5 Qc8 18. Nd4 Na4 19. Rxa4 bxa4 20. Qxa4 Qc5 21. Rb1 Ra7 22. Qxc4 Qxc4 23. Bxc4 Rc8 24. Be2 Rxc3 25.
Bb8 Ra8 26. Nc6 Bxc6 27. dxc6 Rxc6 28. Bg3 a5 29. f3 a4 30. Bf2 a3 31. f4 a2 32. Rd1 a1=Q 33. Rxa1 Rxa1+ 34. Bf1 Rcc1 35. g3 Rxf1+ 36. Kg2 Rxf2+ 37. Kxf2 Ra2+ 38. Kf3 Rxh2 39. Kg4 h5+ 40. Kf3 h4 41. e5 Rh3 0-1

[Event "*** SCC Grand Prix: Titled Tuesday Blitz"]
[Site "Chess.com"]
[Date "2020.07.07"]
[Round "5"]
[White "KaspMagAlpha"]
[Black "QueenOfTactics90"]
[Result "1-0"]
[WhiteElo "2235"]
[BlackElo "2015"]
[TimeControl "180+1"]
[EndTime "10:55:09 PDT"]
[Termination "KaspMagAlpha won by resignation"]

1. d4 Nf6 2. c4 e6 3. g3 d5 4. Nf3 c5 5. Bg2 Nc6 6. O-O Be7 7. Qa4 O-O 8. Rd1 a6 9. Nc3 dxc4 10. dxc5 Qa5 11. Qxa5 Nxa5 12. Be3 Ng4 13. Bd4 f6 14. h3 Nh6 15. g4 f5 16. Ne5 fxg4 17.
hxg4 Nf7 18. Nxf7 Rxf7 19. Ne4 Nc6 20. Nd6 Bxd6 21. cxd6 Bd7 22. Bc3 e5 23. Bxc6 Bxc6 24.
Bxe5 Rd8 25. f3 b5 26. Rd2 b4 27. Rc1 Bb5 28. Kg2 Rff8 29. Kg3 Rfe8 30. f4 Kf7 31. e4 g5 32. Kf3 gxf4 33. Kxf4 Re6 34.
g5 Rg8 35. Bf6 Rge8 36. e5 Bd7 37. Rh2 Kg8 38. Rxc4 a5 39. Rc7 1-0

[Event "*** SCC Grand Prix: Titled Tuesday Blitz"]
[Site "Chess.com"]
[Date "2020.07.07"]
[Round "5"]
[White "ShapkinAnatoliy"]
[Black "Gabrielian_Artur"]
[Result "0-1"]
[WhiteElo "2592"]
[BlackElo "2765"]
[TimeControl "180+1"]
[EndTime "10:55:10 PDT"]
[Termination "Gabrielian_Artur won by resignation"]

1. d4 Nf6 2. c4 c5 3. d5 e6 4. Nc3 exd5 5. cxd5 d6 6. Nf3 g6 7. g3 Bg7 8. Bg2 O-O 9. O-O Re8 10. Nd2 Nbd7 11. a4 a6 12. h3 Rb8 13. Nc4 Nb6 14. Na3 Bd7 15. a5 Nc8 16. Nc4 Bb5 17. Qb3 Bxc4 18. Qxc4 Nd7 19. e4 Ne5 20. Qe2 c4 21.
Be3 Qc7 22. Ra4 b5 23. axb6 Nxb6 24. Rxa6 Nbd7 25. Rb1 Nc5 26. Ra2 Ned3 27. Qc2 Nb4 28. Qe2 Nxa2 29. Nxa2 Nd3 30. Nc1 Rxb2 31. Rxb2 Nxb2 32.
Qc2 c3 33. Ne2 Qc4 34. Bf4 Qd3 35. Qxd3 Nxd3 36. Bxd6 c2 37. Bf4 Nxf4 38. gxf4 Rb8 39. d6 Rb1+ 40. Kh2 Re1 41. d7 Bf6 42. e5 Bd8 0-1

[Event "*** SCC Grand Prix: Titled Tuesday Blitz"]
[Site "Chess.com"]
[Date "2020.07.07"]
[Round "5"]
[White "S-Fazulyanov"]
[Black "MasterKroket"]
[Result "1-0"]
[WhiteElo "2547"]
[BlackElo "2393"]
[TimeControl "180+1"]
[EndTime "10:55:11 PDT"]
[Termination "S-Fazulyanov won on time"]

1. e4 c5 2. Nf3 e6 3. d4 cxd4 4. Nxd4 Nc6 5. a3 Nf6 6. Nc3 d5 7. Bb5 Bd7 8. exd5 Nxd5 9. Nxd5 exd5 10. O-O Be7 11. Be3 O-O 12. Bd3 g6 13. Qf3 Be6 14. Nxe6 fxe6 15. Qh3 Qc8 16. Be2 Bf6 17. c3 Ne7 18. f4 Nf5 19. Bf2 Bg7 20. Rae1 Qc6 21. Bf3 Rae8 22. Re2 e5 23. fxe5 Rxe5 24. Rxe5 Bxe5 25.
Rd1 Rd8 26. Bg4 Ng7 27. Qe3 Bc7 28. Qxa7 Qd6 29. g3 Rf8 30. Qc5 Qf6 31. Qxd5+ Kh8 32.
Bd4 Qa6 33. Qd7 1-0